 Dungeon Crawl Stone Soup version 0.20.1-1-g8b1a95d (webtiles) character file.

5020 rgaf the Basher (level 10, 0/77 HPs)
             Began as a Demonspawn Fighter on Oct 18, 2017.
             Was a Believer of Kikubaaqudgha.
             Slain by a two-headed ogre
             ... wielding a +0 giant club
              (14 damage)
             ... on level 8 of the Dungeon.
             The game lasted 00:13:25 (8003 turns).

rgaf the Basher (Demonspawn Fighter)                Turns: 8003, Time: 00:13:26

Health: 0/77       AC: 13    Str: 17    XL:     10   Next: 30%
Magic:  0/10       EV:  9    Int: 12    God:    Kikubaaqudgha [**....]
Gold:   378        SH:  2    Dex: 13    Spells: 9/9 levels left

rFire    . . .     SeeInvis +   i - +2 dire flail (drain)
rCold    . . .     Gourm    .   (shield currently unavailable)
rNeg     . . .     Faith    .   s - +0 chain mail
rPois    .         Spirit   +   (helmet restricted)
rElec    .         Reflect  +   (no cloak)
rCorr    .         Harm     .   (no gloves)
MR       .....                  (no boots)
Stlth    ..........             C - amulet "Sac Nobb" {Reflect SH+2 SInv}
Regen    0.3/turn               k - +1 ring of evasion
MPRegen  0.2/turn               (no ring)

@: no status effects
A: horns 2, iridescent scales 2, magic shield, rot immunity
a: Receive Corpses, Renounce Religion


You were on level 8 of the Dungeon.
You worshipped Kikubaaqudgha.
Kikubaaqudgha was pleased with you.
You were very hungry.

You visited 2 branches of the dungeon, and saw 10 of its levels.
You also visited: Bailey.

You collected 490 gold pieces.
You spent 112 gold pieces at shops.

Inventory:

Hand Weapons
 a - a +0 flail
 i - a +2 dire flail of draining (weapon)
Armour
 b - a +0 scale mail
 c - a +1 shield
 s - a +0 chain mail (worn)
Jewellery
 k - a +1 ring of evasion (left hand)
 C - the amulet "Sac Nobb" (around neck) {Reflect SH+2 SInv}
   (You found it on level 8 of the Dungeon)

   [amulet of reflection]

   It shields you and reflects attacks.
   It lets you see invisible.
   It affects your SH (+2).
 D - a cursed ring of teleportation {unknown}
 G - an uncursed ring of ice {unknown}
Wands
 r - a wand of polymorph (14/24)
 t - a wand of scattershot (0/9)
 J - a wand of confusion (33/48)
 K - a wand of random effects (35/48)
 N - a wand of iceblast (7/15)
Scrolls
 e - 3 scrolls of remove curse
 h - 3 scrolls of teleportation
 j - a scroll of enchant armour
 o - 2 scrolls of enchant weapon
 q - 2 scrolls of recharging
 A - 2 scrolls of magic mapping
 E - a scroll of fog
Potions
 g - 3 potions of flight
 l - a potion of magic {unknown}
 n - a potion of agility
 p - 3 potions of lignification {unknown}
 u - a potion of brilliance {unknown}
 v - 3 potions of curing
 w - a potion of resistance
 z - 2 potions of mutation {unknown}
 B - a potion of cancellation
 I - a potion of degeneration {unknown}
 L - 2 potions of haste
Books
 y - a book of Cantrips

   Spells                             Type                      Level
   a - Confusing Touch                Hexes                        1
   b - Animate Skeleton               Necromancy                   1
   c - Summon Small Mammal            Summoning                    1
   d - Apportation                    Translocation                1
 F - a book of Summonings

   Spells                             Type                      Level
   a - Recall                         Summoning/Translocation      3
   b - Aura of Abjuration             Summoning                    5
   c - Summon Demon                   Summoning                    5
   d - Summon Forest                  Summoning/Translocation      5
   e - Summon Mana Viper              Hexes/Summoning              5
   f - Shadow Creatures               Summoning                    6
 H - Kikubaaqudgha's Incunabulum of Black Magic
   (Kikubaaqudgha gifted it to you on level 7 of the Dungeon)

   Spells                             Type                      Level
   a - Pain                           Necromancy                   1
   b - Corpse Rot                     Necromancy                   2
   c - Sublimation of Blood           Necromancy                   2
   d - Vampiric Draining              Necromancy                   3
   e - Control Undead                 Necromancy                   4
Comestibles
 d - 3 fruits
 f - 4 bread rations
 m - 6 royal jellies
 x - a meat ration


   Skills:
 * Level 6.5 Fighting
 - Level 11.2 Maces & Flails
 + Level 4.6 Armour
 + Level 3.3 Dodging
 - Level 2.6 Shields
 + Level 4.1 Necromancy


You had 9 spell levels left.
You didn't know any spells.

Dungeon Overview and Level Annotations

Branches:
Dungeon (9/15)             Temple (1/1) D:5             Orc (0/2) D:9
   Lair: D:8-11

Altars:
Ashenzari
Cheibriados
Dithmenos
Elyvilon
Fedhas
Gozag
Hepliaklqana
Kikubaaqudgha
Makhleb
Nemelex Xobeh
Okawaru
Qazlal
Ru
Sif Muna
Trog
Uskayaw
Vehumet
Xom
Yredelemnul
Zin
The Shining One

Shops:
D:6 :   D:7 ?


Innate Abilities, Weirdness & Mutations

You have a pair of horns on your head.
You are mostly covered in iridescent scales. (AC +4)
When hurt, damage is shared between your health and your magic reserves.
You are immune to rotting.


Message History

The two-headed ogre is heavily wounded.
The killer bee stings you but does no damage.
Your chain mail prevents you from hitting the two-headed ogre.
The two-headed ogre is heavily wounded.
The killer bee stings you but does no damage.
You block the killer bee's attack.
The two-headed ogre hits you with a giant club!
The two-headed ogre hits you with a giant club!!
* * * LOW HITPOINT WARNING * * *
The killer bee closely misses you.
The killer bee stings you but does no damage.
You climb upwards.
There is a stone staircase leading down here.
Okay, then.
You hit the two-headed ogre.
The two-headed ogre is heavily wounded.
The killer bee stings you but does no damage.
The two-headed ogre hits you with a giant club!
You die...
Kikubaaqudgha rasps: "You have failed me!
Welcome... death!"

#.######.# ##
#.....##.## ##.
#####.....#####..
###....<....#
##..##.....
##.###.### #..##.#
##########..##.#
#@y...(.##(.##.#
#O......###.##.#
#.......###..#.###
#.................
#.......###.######
#.......###)#
#.......<.#.#
#########.#.#
#...#


You could see a two-headed ogre and a killer bee.

Vanquished Creatures
  2 two-headed ogres (D:8)
  The ghost of Vylera the Quickloader, a novice DsHu of Cheibriados (D:6)
  The ghost of Vylera the Twirler, an amateur DsGl (D:5)
  Eustachio (D:6)
  The ghost of zephy the Cudgeler, an amateur DsAK of Lugonu (D:3)
  Edmund (D:5)
  2 orc warriors
  A sky beast (D:7)
  3 phantoms
  2 ice beasts
  3 ogres
  A necrophage (D:8)
  3 centaurs
  A big kobold (D:8)
  4 bullfrogs
  A gnoll sergeant (D:7)
  3 killer bees (D:9)
  A howler monkey (D:5)
  5 crimson imps
  A quasit (D:5)
  A hound (D:6)
  2 jellies
  An orc priest (D:4)
  7 orc wizards
  A bullfrog skeleton (D:7)
  3 iguanas
  3 worker ants
  A hound zombie (D:5)
  3 hound skeletons
  9 gnolls
  8 adders
  A shadow imp (D:8)
  3 adder zombies (D:5)
  A worm (D:5)
  2 adder skeletons
  A dart slug (D:2)
  7 leopard geckos
  20 orcs
  10 bats
  7 giant cockroaches
  2 gnoll zombies (D:6)
  14 goblins
  9 hobgoblins
  14 jackals
  8 kobolds
  A quokka (D:7)
  A ball python (D:5)
  5 frilled lizards
  A jackal skeleton (D:4)
  A leopard gecko skeleton (D:4)
  8 rats
193 creatures vanquished.

Notes
Turn   | Place    | Note
-------+----------+-------------------------------------------
     0 | D:1      | rgaf the Demonspawn Fighter began the quest for the Orb.
     0 | D:1      | Reached XP level 1. HP: 18/18 MP: 1/1
    26 | D:1      | Reached skill level 2 in Maces & Flails
   225 | D:1      | Gained mutation: You are partially covered in iridescent scales. (AC +2) [demonic ancestry]
   225 | D:1      | Reached XP level 2. HP: 21/24 MP: 2/2
   327 | D:1      | Reached skill level 3 in Maces & Flails
   723 | D:1      | You fall through a shaft!
   736 | D:2      | Reached XP level 3. HP: 20/29 MP: 3/3
  1146 | D:2      | Gained mutation: You are immune to rotting. [demonic ancestry]
  1146 | D:2      | Reached XP level 4. HP: 35/35 MP: 4/4
  1195 | D:2      | Reached skill level 4 in Maces & Flails
  1597 | D:3      | Found a stormy altar of Qazlal.
  1598 | D:3      | Found a deep blue altar of Sif Muna.
  1997 | D:3      | Noticed zephy's ghost (amateur DsAK)
  2204 | D:3      | Killed zephy's ghost
  2204 | D:3      | Reached skill level 5 in Maces & Flails
  2204 | D:3      | Reached XP level 5. HP: 37/41 MP: 5/5
  2315 | D:3      | Gained mutation: You have a pair of small horns on your head. [demonic ancestry]
  2315 | D:3      | Reached XP level 6. HP: 47/47 MP: 6/6
  2662 | D:4      | Reached skill level 6 in Maces & Flails
  3033 | D:4      | Found a white marble altar of Elyvilon.
  3775 | D:3      | Reached skill level 7 in Maces & Flails
  3775 | D:3      | Gained mutation: You are mostly covered in iridescent scales. (AC +4) [demonic ancestry]
  3775 | D:3      | Reached XP level 7. HP: 52/52 MP: 7/7
  3798 | D:5      | Entered Level 5 of the Dungeon
  3992 | D:5      | Noticed Vylera's ghost (amateur DsGl)
  4034 | D:5      | Killed Vylera's ghost
  4034 | D:5      | Reached skill level 8 in Maces & Flails
  4264 | D:5      | Noticed Edmund
  4330 | D:5      | Found a staircase to the Ecumenical Temple.
  4339 | Temple   | Entered the Ecumenical Temple
  4433 | Temple   | Became a worshipper of Kikubaaqudgha
  4594 | D:5      | Found a burning altar of Makhleb.
  4637 | D:5      | Killed Edmund
  4637 | D:5      | Gained mutation: You have a pair of horns on your head. [demonic ancestry]
  4637 | D:5      | Reached XP level 8. HP: 49/58 MP: 8/8
  5099 | D:6      | Noticed Vylera's ghost (novice DsHu)
  5122 | D:6      | Killed Vylera's ghost
  5122 | D:6      | Reached skill level 9 in Maces & Flails
  5696 | D:6      | Found a basalt altar of Yredelemnul.
  5725 | D:6      | Found Wehofeb's Book Emporium.
  5757 | D:6      | Noticed Eustachio
  5784 | D:6      | Killed Eustachio
  5784 | D:6      | Reached skill level 10 in Maces & Flails
  6246 | D:7      | Gained mutation: When hurt, damage is shared between your health and your magic reserves. [demonic ancestry]
  6246 | D:7      | Reached XP level 9. HP: 44/63 MP: 9/9
  6267 | D:7      | Reached * piety under Kikubaaqudgha
  6267 | D:7      | Identified Kikubaaqudgha's Incunabulum of Black Magic (Kikubaaqudgha gifted it to you on level 7 of the Dungeon)
  6267 | D:7      | Received a gift from Kikubaaqudgha
  6267 | D:7      | Reached skill level 11 in Maces & Flails
  6304 | D:7      | Found a flagged portal.
  6340 | Bailey   | Entered a bailey
  6873 | D:7      | Found Roamaog's Magic Scroll Emporium.
  6884 | D:7      | Bought a scroll of enchant weapon for 112 gold pieces
  6970 | D:8      | Got a heavily runed platinum amulet
  6975 | D:8      | Identified the amulet "Sac Nobb" {Reflect SH+2 SInv} (You found it on level 8 of the Dungeon)
  6985 | D:8      | Reached skill level 1 in Dodging
  7028 | D:8      | Noticed a two-headed ogre
  7032 | D:8      | Noticed a two-headed ogre
  7047 | D:7      | Reached skill level 1 in Necromancy
  7095 | D:8      | Found a radiant altar of Vehumet.
  7405 | D:8      | Killed a two-headed ogre
  7405 | D:8      | Reached skill level 5 in Fighting
  7601 | D:9      | Reached XP level 10. HP: 76/76 MP: 10/10
  7628 | D:8      | Reached ** piety under Kikubaaqudgha
  7643 | D:9      | Noticed a two-headed ogre
  7704 | D:8      | Killed a two-headed ogre
  7793 | D:9      | Found a staircase to the Orcish Mines.
  8003 | D:8      | Slain by a two-headed ogre

Skill      XL: |  1  2  3  4  5  6  7  8  9 10 |
---------------+-------------------------------+-----
Maces & Flails | 2 3 5 7 8 10 11 | 11.2
Armour         | 4 |  4.6
Dodging        | 2 3 |  3.3
Necromancy     | 3 4 |  4.1
Fighting       | 5 6 |  6.5
Shields        | |  2.6

Action                   |  1- 3 |  4- 6 |  7- 9 | 10-12 || total
-------------------------+-------+-------+-------+-------++-------
Melee: Flail             |   136 |   237 |   170 |       ||   543
       Headbutt          |       |    14 |    65 |     7 ||    86
       Dire flail        |       |       |   241 |    63 ||   304
Evoke: Wand              |       |       |     5 |       ||     5
  Use: Potion            |     2 |     3 |     1 |       ||     6
       Scroll            |       |     2 |    16 |       ||    18
  Eat: Chunk             |       |    10 |     9 |     1 ||    20
       Fruit             |       |       |     3 |       ||     3
Armor: Scale mail        |    73 |    29 |       |       ||   102
       Chain mail        |       |   126 |   250 |    32 ||   408
Dodge: Dodged            |    42 |    49 |   123 |    31 ||   245
Block: Shield            |    61 |   126 |    64 |       ||   251
       Other             |       |       |     3 |     4 ||     7
       Reflection        |       |       |     1 |     1 ||     2
